 Dungeon Crawl Stone Soup version 0.29.1-12-g30fa7ad0bf (webtiles) character file.

Game seed: 3388938200430485075

51 H0rd4k the Charlatan (level 3, -1/24 HPs)
             Began as an Octopode Artificer on Dec 13, 2022.
             Slain by a gnoll
             ... wielding a +0 halberd
              (7 damage)
             ... on level 3 of the Dungeon.
             The game lasted 00:00:57 (2569 turns).

H0rd4k the Charlatan (Octopode Artificer)           Turns: 2569, Time: 00:00:57

Health: -1/24      AC:  1    Str: 11    XL:     3   Next: 81%
Magic:  5/5        EV: 13    Int: 15    God:
Gold:   83         SH:  0    Dex: 12    Spells: 5/5 levels left

rFire   . . .      SeeInvis .     - Unarmed
rCold   . . .      Faith    .   (no shield)
rNeg    . . .      Spirit   .   (helmet restricted)
rPois   .          Reflect  .   (no amulet)
rElec   .          Harm     .   (no ring)
rCorr   .          Rampage  .   (no ring)
Will    .....                   (no ring)
Stlth   +++.......              (no ring)
HPRegen 0.08/turn               (no ring)
MPRegen 0.09/turn               (no ring)
                                (no ring)
                                (no ring)

@: no status effects
A: almost no armour, amphibious, 8 rings, camouflage 1, gelatinous body 1,
(nimble swimmer 1), tentacles
a: no special abilities


You were on level 3 of the Dungeon.
You visited 1 branch of the dungeon, and saw 3 of its levels.

You collected 83 gold pieces.

Inventory:

Wands
 b - a wand of flame (15) (quivered)
 c - a wand of charming (14)
 d - a wand of iceblast (5)
Scrolls
 a - a scroll of blinking {unknown}
 h - 3 scrolls of identify {unknown}
 i - a scroll of fear {unknown}
 k - a scroll of summoning {unknown}
Potions
 e - 2 potions of curing {unknown}
 f - a potion of heal wounds {unknown}
 g - a potion of resistance {unknown}
 j - a potion of might {unknown}


   Skills:
 * Level 2.1 Fighting
 - Level 2.3 Dodging
 - Level 1.3 Stealth
 + Level 1.4 Unarmed Combat
 * Level 1.7 Spellcasting
 - Level 3.2 Evocations


You had 5 spell levels left.
You didn't know any spells.
Your spell library was empty.

Dungeon Overview and Level Annotations

Branches:
Dungeon (3/15)

Altars:


Innate Abilities, Weirdness & Mutations

You cannot wear most types of armour.
You are amphibious.
You can wear up to eight rings at the same time.
Your skin changes colour to match your surroundings (Stealth+).
Your rubbery body absorbs attacks. (AC +1, EV +1)
((You are camouflaged when in or above water. (Stealth+)))
You have tentacles for arms and can constrict up to eight enemies at once.


Message History

Where to? (Enter - D:2, ? - help)
There is an open door here.
You open the door.
There is an open door here.
There is a stone staircase leading down here.
You climb downwards.
Found a robe.
Found a stone staircase leading down.
There is a stone staircase leading up here.
There are monsters nearby!
There are monsters nearby!
The helpless rat fails to defend itself.
You tentacle-slap the rat.
You kill the rat!
There are monsters nearby!
There are monsters nearby!
A gnoll and an orc come into view.
The gnoll shouts!
The orc shouts!
You hear an angry hiss.
The gnoll hits you with a +0 halberd!
The gnoll shouts!
You tentacle-slap the gnoll. You grab the gnoll.
The gnoll is moderately wounded.
You constrict the gnoll, but do no damage.
The gnoll barely misses you.
A ball python comes into view.
You release your grip on the gnoll.
The gnoll attacks as you move away! The gnoll closely misses you.
The gnoll hits you from afar with a +0 halberd.
The rat closely misses you. The gnoll misses you.
There is a stone staircase leading down here.
The gnoll attacks as you move away! The gnoll hits you with a +0 club!
* * * LOW HITPOINT WARNING * * *
The rat attacks as you move away! The rat barely misses you.
An orc comes into view. It is wielding a +0 short sword.
Aiming: Charm
Press: ? - help, Shift-Dir - straight line, f - gnoll
Aim: a gnoll, wielding a +0 club (chance to affect: 66%)
The gnoll is charmed.
The gnoll hits you from afar with a +0 halberd!
You die...

#########
#.......#
#.......#
#.......#
#[......# #
#.......# #.#
#......†####...#
#.....Srgg@...#
#.......g####.#
#.........##
##...#o###..
...#.#.# .##
#####...# .#
##..# .# #... ##


You could see 2 gnolls, an orc, a ball python, a rat and a friendly gnoll
(charmed).

Vanquished Creatures
  2 adders (D:2)
  A dart slug (D:2)
  6 ball pythons
  4 endoplasms
  3 giant cockroaches
  4 hobgoblins
  2 bats (D:1)
  3 frilled lizards
  3 goblins
  2 rats
30 creatures vanquished.

Notes
Turn   | Place    | Note
-------+----------+-------------------------------------------
     0 | D:1      | H0rd4k the Octopode Artificer began the quest for the Orb.
     0 | D:1      | Reached XP level 1. HP: 13/13 MP: 1/1
   148 | D:1      | Reached skill level 1 in Spellcasting
   148 | D:1      | Reached XP level 2. HP: 2/18 MP: 3/3
  1002 | D:1      | Found a faded altar of an unknown god.
  1584 | D:2      | Reached XP level 3. HP: 22/24 MP: 5/5
  1782 | D:2      | Reached skill level 1 in Unarmed Combat
  2569 | D:3      | Slain by a gnoll

Illustrated notes

Levels and vault maps discovered:
D:1:      roderic_octagonal_star, layout_basic, chequers_ecumenical_altar_grove
D:2:      layout_loops_corners
D:3:      layout_rooms, chequers_arboretum

Skill      XL: |  1  2  3 |
---------------+----------+-----
Spellcasting   | 1 |  1.7
Unarmed Combat | 1 |  1.4
Fighting       | 2 |  2.1
Dodging        | |  2.3
Stealth        | |  1.3
Evocations     | |  3.2

Action                   || total
-------------------------++-------
Melee: Unarmed           ||    83
       Tentacles         ||    14
       Constrict         ||    20
       Punch             ||     2
Evoke: Wand              ||     1
 Stab: Sleeping          ||    11
Armor: Skin              ||     7
Dodge: Dodged            ||    45
